 Dungeon Crawl Stone Soup version 0.27-a0-1071-ga85bd9520d (webtiles) character file.

Game seed: 5370669128512656902

27080 frogmouthbird the Severer (level 13, -6/108 HPs)
             Began as a Hill Orc Fighter on Apr 24, 2021.
             Was a High Priest of Okawaru.
             Shot with an arrow by a centaur warrior (14 damage)
             ... on level 11 of the Dungeon.
             The game lasted 00:24:56 (16559 turns).

frogmouthbird the Severer (Hill Orc Fighter)       Turns: 16559, Time: 00:24:56

Health: -6/108     AC: 18    Str: 30    XL:     13   Next: 30%
Magic:  15/15      EV: 16    Int:  6    God:    Okawaru [*****.]
Gold:   460        SH:  5    Dex: 10    Spells: 12/12 levels left

rFire    + . .     SeeInvis +   I - +0 battleaxe (vamp)
rCold    . . .     Faith    .   (shield currently unavailable)
rNeg     . . .     Spirit   .   d - +3 ring mail {rF+}
rPois    +         Reflect  +   G - +2 helmet of Coptaxku {Str+5 Int-5 Slay+5 SInv}
rElec    .         Harm     .   y - +0 cloak of Integrity {Str+2 Int+2}
rCorr    .         Rampage  .   (no gloves)
Will     .....                  j - +2 pair of boots
Stlth    ..........             p - amulet of reflection
HPRegen  0.28/turn              o - ring of poison resistance
MPRegen  0.14/turn              n - +4 ring of evasion

@: no status effects
A: no striking features
a: Renounce Religion, Heroism, Finesse


You were on level 11 of the Dungeon.
You worshipped Okawaru.
Okawaru was extremely pleased with you.
You visited 3 branches of the dungeon, and saw 15 of its levels.

You collected 704 gold pieces.
You spent 244 gold pieces at shops.

Inventory:

Hand Weapons
 a - a +0 war axe
 b - a +2 triple crossbow
 I - a +0 vampiric battleaxe (weapon)
Missiles
 x - 99 bolts
 D - 2 boomerangs of dispersal (quivered)
 N - a curare-tipped dart
 O - a throwing net
Armour
 c - a +0 kite shield
 d - a +3 ring mail of fire resistance (worn)
 j - a +2 pair of boots (worn)
 y - the +0 cloak of Integrity (worn) {Str+2 Int+2}
   (You bought it in a shop on level 4 of the Dungeon)

   It affects your strength (+2).
   It affects your intelligence (+2).
 G - the +2 helmet of Coptaxku (worn) {Str+5 Int-5 Slay+5 SInv}
   (Okawaru gifted it to you on level 1 of the Lair of Beasts)

   It affects your strength (+5).
   It affects your intelligence (-5).
   It affects your accuracy and damage with ranged weapons and melee attacks
   (+5).
   It lets you see invisible.
 K - a +1 robe of the Archmagi
 P - a +1 pair of gloves of stealth
Jewellery
 n - a +4 ring of evasion (right hand)
 o - a ring of poison resistance (left hand)
 p - an amulet of reflection (around neck)
 r - a +4 ring of protection
 t - a ring of magical power
 v - a ring of flight
 A - an amulet of regeneration
Wands
 g - a wand of paralysis (16)
 l - a wand of flame (50)
 u - a wand of acid (3)
 B - a wand of polymorph (6)
 F - a wand of iceblast (8)
 J - a wand of digging (4)
Scrolls
 i - 2 scrolls of enchant armour
 k - 7 scrolls of teleportation
 C - a scroll of magic mapping
 E - 5 scrolls of identify
Potions
 e - a potion of invisibility
 f - 2 potions of flight
 h - 5 potions of curing
 m - 6 potions of attraction
 q - 3 potions of mutation
 s - 2 potions of brilliance
 w - 3 potions of lignification
 z - a potion of might
 L - a potion of ambrosia {unknown}
 M - a potion of heal wounds
Miscellaneous
 H - a phantom mirror (inert)


   Skills:
 + Level 8.7 Fighting
 + Level 19.3 Axes
 + Level 8.3 Crossbows
 + Level 10.0 Armour
 - Level 4.3 Dodging
 - Level 3.2 Shields
 - Level 3.0 Invocations


You had 12 spell levels left.
You didn't know any spells.
Your spell library contained the following spells:

 Spells                   Type           Power      Damage    Failure   Level
 Magic Dart               Conj           0%         1d3       54%         1
 Searing Ray              Conj           0%         3d3       69%         2
 Dazzling Flash           Conj/Hex       0%         N/A       89%         3
 Fulminant Prism          Conj/Hex       0%         3d6       100%        4
 Iskenderun's Mystic Bla  Conj/Tloc      0%         2d3       100%        4


Dungeon Overview and Level Annotations

Branches:
Dungeon (11/15)            Temple (1/1) D:5            Lair (3/6) D:8
 Shoals (0/4) Lair:2        Snake (0/4) Lair:2
    Orc: D:9-12

Altars:
Ashenzari
Dithmenos
Elyvilon
Fedhas
Kikubaaqudgha
Nemelex Xobeh
Okawaru
Qazlal
Sif Muna
Trog
Uskayaw
Xom
Yredelemnul
Zin

Shops:
D:4 ?[[[


Message History

The centaur warrior wields a +0 longbow.
The centaur warrior shoots an arrow.
The arrow hits you!
You hit the boulder beetle.
The boulder beetle is lightly wounded.
The centaur warrior shoots an arrow.
The arrow misses you.
The boulder beetle bites you but does no damage.
You hit the boulder beetle but do no damage.
The boulder beetle is lightly wounded.
The centaur warrior shoots an arrow.
The arrow hits you!
The centaur shoots an arrow.
The arrow hits you. The boulder beetle bites you!
You slash the boulder beetle!
You feel better.
The boulder beetle is moderately wounded.
The centaur warrior shoots an arrow.
The arrow hits you!
The centaur shoots an arrow.
You reflect the arrow off an invisible shield around you!
The arrow hits the centaur!
The centaur warrior shoots an arrow.
The arrow closely misses you. The boulder beetle closely misses you.
Unknown command.
The centaur unwields a +0 shortbow.
The centaur hits you but does no damage.
The centaur kicks you but does no damage.
The centaur warrior shoots an arrow.
The arrow hits you.
The boulder beetle leaps!
The centaur warrior shoots an arrow.
The arrow hits you!!
The centaur wields a +0 shortbow.
The centaur shoots an arrow.
You reflect the arrow off an invisible shield around you!
The arrow hits the centaur!
You kill the centaur!
Okawaru accepts your kill.
The centaur warrior shoots an arrow.
The arrow hits you!
The centaur warrior shoots an arrow.
The arrow barely misses you.
The centaur warrior shoots an arrow.
The arrow hits you!!
* * * LOW HITPOINT WARNING * * *
The boulder beetle curls into a ball and begins rolling!
The centaur warrior shoots an arrow.
The arrow hits you!
* * * LOW HITPOINT WARNING * * *
There is a stone staircase leading up, spattered with blood here.
Unknown command.
The centaur warrior shoots an arrow.
The arrow hits you!
You die...

...#####.......(.# .......
#...#............#.......(
.#........#......... ....
.............###....
...............# ###
...............#####
...##................
.................#...
.!........@.....## .
...##.............
####.........##.....
#........### .##..
##......)# .. ..
#..............#
#.B...##c###... .......
.c# ## .###.#. ...


You could see a boulder beetle (rolling), a centaur warrior and a centaur.

Vanquished Creatures
  A hydra (D:11)
  Erica (D:8)
  2 death yaks
  A tengu warrior (D:9)
  A skeletal warrior (D:9)
  2 deep elf pyromancers
  A cyclops (D:9)
  Maurice (D:10)
  7 cane toads
  A gargoyle (D:9)
  5 black mambas
  A rime drake (Lair:2)
  4 komodo dragons
  2 kobold demonologists
  2 trolls
  13 blink frogs
  Sigmund (D:4)
  3 wyverns
  A wraith (D:10)
  32 yaks
  A steam dragon (D:7)
  Eustachio (D:6)
  4 acid dragons
  7 water moccasins
  Duvessa (D:4)
  A hornet zombie (D:6)
  An orc warrior (D:7)
  2 black bears (D:6)
  2 ogres
  2 sky beasts (D:5)
  4 centaurs
  26 wolves (Lair:3)
  A phantom (D:5)
  5 kobold brigands
  11 bullfrogs
  A wyvern zombie (D:7)
  A gnoll sergeant (D:11)
  5 scorpions
  A water moccasin zombie (D:5)
  Dowan (D:4)
  10 killer bees (D:10)
  3 wights (D:8)
  A howler monkey (D:9)
  2 bullfrog zombies
  2 centaur zombies
  2 jellies
  5 hounds
  3 orc priests
  Ijyb (D:3)
  2 iguanas
  A scorpion zombie (D:5)
  Natasha (thrice) (D:2)
  3 orc wizards
  6 hell rats (Lair:1)
  2 killer bee zombies
  A hound skeleton (D:4)
  A howler monkey zombie (D:9)
  3 gnolls (D:11)
  5 adders
  A shadow imp (D:5)
  A white imp (D:6)
  3 ufetubi
  3 dart slugs
  28 orcs
  6 ball pythons
  2 bats (D:3)
  3 endoplasms (D:1)
  5 giant cockroaches
  8 goblins
  7 hobgoblins
  16 jackals
  23 kobolds
  2 quokkas
  4 frilled lizards
  5 rats
333 creatures vanquished.

Vanquished Creatures (others)
  A kobold brigand (D:8)
  15 fungi
  34 plants
50 creatures vanquished.

Grand Total: 383 creatures vanquished

Notes
Turn   | Place    | Note
-------+----------+-------------------------------------------
     0 | D:1      | frogmouthbird the Hill Orc Fighter began the quest for the
                  | Orb.
     0 | D:1      | Reached XP level 1. HP: 19/19 MP: 1/1
    87 | D:1      | Reached skill level 3 in Axes
   121 | D:1      | Reached XP level 2. HP: 16/26 MP: 2/2
   503 | D:1      | Reached skill level 4 in Axes
   557 | D:1      | Found a faded altar of an unknown god.
   584 | D:1      | HP: 1/26 [poisoned by a kobold]
   920 | D:1      | Reached XP level 3. HP: 25/31 MP: 3/3
  1268 | D:1      | Reached skill level 5 in Axes
  1458 | D:2      | Noticed Natasha
  1475 | D:2      | Killed Natasha
  1476 | D:2      | Reached XP level 4. HP: 15/39 MP: 4/4
  1522 | D:2      | Noticed Natasha
  1547 | D:2      | Killed Natasha
  1548 | D:2      | Reached skill level 6 in Axes
  1621 | D:2      | Noticed Natasha
  1634 | D:2      | Killed Natasha
  1635 | D:2      | Reached XP level 5. HP: 31/45 MP: 5/5
  1915 | D:2      | Reached skill level 7 in Axes
  2083 | D:2      | Found an ancient bone altar of Kikubaaqudgha.
  2535 | D:3      | Noticed Ijyb
  2546 | D:3      | Killed Ijyb
  2547 | D:3      | Reached skill level 1 in Crossbows
  2890 | D:4      | Found Wupigoso's Armour Boutique.
  2940 | D:4      | Reached XP level 6. HP: 48/51 MP: 6/6
  3121 | D:4      | Reached skill level 8 in Axes
  3136 | D:4      | Found Nigh's Antique Armour Shoppe.
  3151 | D:4      | Found Gytidaa's Armour Boutique.
  3329 | D:4      | Reached XP level 7. HP: 55/57 MP: 7/7
  3570 | D:4      | Noticed Sigmund
  3626 | D:4      | Killed Sigmund
  3627 | D:4      | Reached skill level 9 in Axes
  3714 | D:4      | Found Rinabim's Magic Scroll Boutique.
  3753 | D:4      | Bought a scroll of noise for 10 gold pieces
  3753 | D:4      | Bought a scroll of amnesia for 35 gold pieces
  3796 | D:4      | Noticed Dowan
  3817 | D:4      | Killed Dowan
  3865 | D:4      | Noticed Duvessa
  3897 | D:4      | Killed Duvessa
  3898 | D:4      | Reached skill level 10 in Axes
  4274 | D:4      | Found a shimmering altar of Xom.
  4276 | D:4      | Found a sparkling altar of Nemelex Xobeh.
  4276 | D:4      | Found a hide-covered altar of Uskayaw.
  4278 | D:4      | Found a stormy altar of Qazlal.
  4278 | D:4      | Found a basalt altar of Yredelemnul.
  4278 | D:4      | Found a shimmering altar of Xom.
  4367 | D:5      | Entered Level 5 of the Dungeon
  4606 | D:5      | Reached XP level 8. HP: 60/64 MP: 8/8
  4891 | D:5      | Reached skill level 11 in Axes
  5018 | D:5      | Found a staircase to the Ecumenical Temple.
  5061 | Temple   | Entered the Ecumenical Temple
  5085 | Temple   | Became a worshipper of Warmaster Okawaru
  5486 | D:6      | Reached skill level 12 in Axes
  5741 | D:6      | Reached skill level 5 in Crossbows
  5824 | D:6      | Reached XP level 9. HP: 43/70 MP: 9/9
  6349 | D:6      | Noticed Eustachio
  6377 | D:6      | Killed Eustachio
  6377 | D:6      | Reached * piety under Okawaru
  6706 | D:7      | Reached skill level 13 in Axes
  6706 | D:7      | Reached skill level 1 in Invocations
  7543 | D:7      | Reached skill level 1 in Dodging
  7551 | D:7      | Reached ** piety under Okawaru
  7552 | D:7      | Reached skill level 14 in Axes
  7716 | D:4      | Bought a faintly glowing cloak for 199 gold pieces
  7716 | D:4      | Identified the +0 cloak of Integrity {Str+2 Int+2} (You
                  | bought it in a shop on level 4 of the Dungeon)
  8111 | D:8      | Reached XP level 10. HP: 77/77 MP: 12/12
  8278 | D:8      | Reached skill level 15 in Axes
  8394 | D:8      | Found a staircase to the Lair.
  8942 | D:8      | Reached *** piety under Okawaru
  9039 | D:8      | Noticed Erica
  9050 | D:8      | Killed Erica
  9669 | D:9      | Reached skill level 16 in Axes
  9673 | D:9      | Reached **** piety under Okawaru
  9680 | D:9      | Received a gift from Okawaru
  9905 | D:9      | Noticed a gargoyle
  9911 | D:9      | Killed a gargoyle
 10453 | D:9      | Noticed a tengu warrior
 10480 | D:9      | Killed a tengu warrior
 10481 | D:9      | Reached XP level 11. HP: 58/82 MP: 11/13
 10496 | D:9      | Reached skill level 17 in Axes
 10611 | D:9      | Reached skill level 5 in Armour
 10616 | D:9      | Noticed a skeletal warrior
 10639 | D:9      | Killed a skeletal warrior
 11110 | D:9      | Noticed a deep elf pyromancer
 11122 | D:9      | Killed a deep elf pyromancer
 11122 | D:9      | Reached ***** piety under Okawaru
 11203 | D:9      | Noticed a cyclops
 11212 | D:9      | Killed a cyclops
 11428 | Lair:1   | Entered Level 1 of the Lair of Beasts
 11561 | Lair:1   | Identified the +2 helmet of Coptaxku {Str+5 Int-5 Slay+5
                  | SInv} (Okawaru gifted it to you on level 1 of the Lair of
                  | Beasts)
 11561 | Lair:1   | Received a gift from Okawaru
 11562 | Lair:1   | Reached skill level 18 in Axes
 12704 | Lair:1   | Reached XP level 12. HP: 25/93 MP: 14/14
 13002 | Lair:2   | Reached skill level 5 in Fighting
 13012 | Lair:2   | Found a staircase to the Shoals.
 13859 | Lair:2   | Found a staircase to the Snake Pit.
 13888 | Lair:2   | Noticed a six-headed hydra
 14855 | Lair:3   | Noticed a death yak
 14856 | Lair:3   | Noticed a death yak
 14879 | Lair:3   | Noticed a death yak
 14880 | Lair:3   | Noticed a death yak
 14882 | Lair:3   | Noticed a death yak
 14885 | Lair:3   | Killed a death yak
 14885 | Lair:3   | Received a gift from Okawaru
 14886 | Lair:3   | Reached skill level 19 in Axes
 14942 | Lair:1   | Killed a death yak
 15449 | D:10     | Entered Level 10 of the Dungeon
 15516 | D:10     | Reached XP level 13. HP: 80/107 MP: 15/15
 16037 | D:10     | Noticed Maurice
 16041 | D:10     | Killed Maurice
 16414 | D:11     | Reached skill level 10 in Armour
 16559 | D:11     | Shot with an arrow by a centaur warrior

Illustrated notes

Levels and vault maps discovered:
D:1:      dpeg_arrival_refuge, layout_loops_ring, basic_ecumenical_altar,
          grunt_decor_fettered
D:2:      layout_rooms, basic_altar, uniq_natasha
D:3:      layout_basic, nrook_mini_backslash, uniq_ijyb
D:4:      layout_loops_corners, doesnt_xom_only_xom, serial_shops,
          nicolae_shop_behind_doors, shop, nicolae_shop_overgrown_old_shop,
          shop, fountainhead, uniq_sigmund, uniq_duvessa
D:5:      layout_loops_ring, minmay_temple_entry_proselytizer
D:6:      layout_cave_pools, chequers_serial_rivers_micro_d, dk_vineyard_3,
          kennysheep_another_room, minmay_fountain_box, uniq_eustachio
D:7:      layout_layer_cave
D:8:      layout_cave_pods, david_lair_shrubbed, minmay_crystal_room,
          kennysheep_generic_room_10, uniq_erica
D:9:      layout_small_grid, kb_rosetta
D:10:     layout_basic, uniq_maurice
D:11:     layout_cave_pools, david_orc_4, enter_bailey_3
Temple:   nicolae_temple_the_god_donut
Lair:1:   layout_misc_corridors, st_stairs_13, lemuel_fruit_tree
Lair:2:   layout_misc_corridors, shoals_dummy_entry,
          minmay_snake_entry_six_corridors, basic_altar, serial_bayou_shore_a
Lair:3:   layout_gridlike, grunt_forest_large_clearings, serial_bayou_shore_b,
          grunt_megastairs_1

Skill      XL: |  1  2  3  4  5  6  7  8  9 10 11 12 13 |
---------------+----------------------------------------+-----
Axes           | 3 4 5 6 7 8 10 12 14 16 18 19 | 19.3
Crossbows      | 1 2 3 5 6 7 8 |  8.3
Invocations    | 3 |  3.0
Dodging        | 2 4 |  4.3
Armour         | 4 7 9 10 | 10.0
Fighting       | 4 7 8 |  8.7
Shields        | |  3.2

Action                   |  1- 3 |  4- 6 |  7- 9 | 10-12 | 13-15 || total
-------------------------+-------+-------+-------+-------+-------++-------
Melee: War axe           |   102 |   157 |   314 |   402 |       ||   975
       Battleaxe         |       |       |       |   222 |   114 ||   336
Invok: Heroism           |       |       |     1 |     4 |       ||     5
Evoke: Wand              |       |     2 |     9 |    21 |     1 ||    33
       Phantom mirror    |       |       |       |     1 |       ||     1
  Use: Potion            |     2 |       |     2 |     4 |       ||     8
       Scroll            |       |     6 |     7 |     3 |     4 ||    20
 Stab: Paralysed         |       |       |     2 |     1 |       ||     3
Armor: Scale mail        |    41 |    68 |     1 |       |       ||   110
       Chain mail        |       |       |    21 |       |       ||    21
       Ring mail         |       |       |    72 |   137 |    56 ||   265
Dodge: Dodged            |    30 |    49 |   121 |   239 |    89 ||   528
Block: Kite shield       |    54 |    71 |   157 |   242 |       ||   524
       Reflection        |       |       |       |     9 |     3 ||    12
       Other             |       |       |       |    43 |    29 ||    72

Table legend: (Time is in decaauts)
 A = Elapsed time spent in this place.
 B = Non-inter-level travel time spent in this place.
 C = Inter-level travel time spent in this place.
 D = Time resting spent in this place.
 E = Time spent auto-exploring this place.
 F = Levels seen in this place.
 G = Mean time per level.
                   A        B        C        D        E       F      G
               +--------+--------+--------+--------+--------+-----+--------+
         Total |  16648 |  15690 |    958 |   3819 |   9137 |  15 | 1109.9 |
       Dungeon |  12935 |  12067 |    868 |   2379 |   7640 |  11 | 1175.9 |
        Temple |     40 |     24 |     16 |      0 |     15 |   1 |   40.0 |
          Lair |   3672 |   3600 |     72 |   1439 |   1482 |   3 | 1224.0 |
               +--------+--------+--------+--------+--------+-----+--------+

Top non-repeatable levels by time:
  Lair:1: 1991 daAuts
     D:8: 1899 daAuts
     D:9: 1688 daAuts
     D:4: 1593 daAuts
     D:1: 1466 daAuts
     D:7: 1415 daAuts
     D:5: 1164 daAuts
     D:6: 1088 daAuts
  Lair:2: 1040 daAuts
    D:10: 869 daAuts
     D:3: 784 daAuts
     D:2: 753 daAuts
  Lair:3: 640 daAuts
    D:11: 210 daAuts
  Temple: 40 daAuts
